 Dungeon Crawl Stone Soup version 0.31-a0-1549-g5ff9445e89 (webtiles) character file.

Game seed: 1216180627034867257

928 browni3141 the Mimic (level 8, 0/48 (57) HPs)
             Began as a Formicid Shapeshifter on Jan 2, 2024.
             Was a Follower of Ru.
             Slain by a sleepcap (14 damage)
             ... on level 6 of the Dungeon.
             The game lasted 00:11:20 (5619 turns).

browni3141 the Mimic (Formicid Shapeshifter)        Turns: 5619, Time: 00:11:21

HP:   0/48 (57)     AC:  3    Str: 18    XL:     8   Next: 32%
MP:   9/9           EV:  2    Int: 17    God:    Ru [*.....]
Gold: 373           SH:  0    Dex: 15    Spells: 7/9 levels left

rFire   . .          .
                       - Unarmed
rCold   . . .        (no shield)
rNeg    . . .        e - +0 leather armour
rPois   .            (helmet unavailable)
rElec   .            (cloak currently unavailable)
rCorr   .            (gloves currently unavailable)
SInv    +            (boots currently unavailable)
Will    .....        (no amulet)
Stlth   +            g - +6 ring of intelligence
HPRegen 0.28/turn    (no ring)
MPRegen 0.11/turn

%: no passive effects
@: beast-form, sleeping, heavily drained
A: beast (slay +4), permanent stasis, dig shafts and tunnels, antennae 3,
unskilled 1, four strong arms
a: Dig, Shaft Self, Begin Untransformation, Renounce Religion


You were on level 6 of the Dungeon.
You worshipped Ru.
Ru was aware of your devotion.
You were a hulking beast.
You visited 1 branch of the dungeon, and saw 6 of its levels.

You collected 373 gold pieces.

Inventory:

Hand Weapons
 a - a +1 orcbow of flaming
Missiles
 f - 5 curare-tipped darts
Armour
 e - a +0 leather armour (worn)
 l - a +0 chain mail
 C - a +0 animal skin
Magical Staves
 B - a staff of air
Jewellery
 g - a +6 ring of intelligence (left hand)
 t - a ring of fire
 E - an amulet of guardian spirit
Talismans
 c - a beast talisman
 d - a flux talisman
 o - a blade talisman
 s - a serpent talisman
Wands
 G - a wand of iceblast (10)
Scrolls
 h - 2 scrolls of teleportation
 k - a scroll of fear
 m - a scroll of revelation
 r - a scroll of immolation
 u - a scroll of vulnerability
 v - 4 scrolls of amnesia
 y - a scroll of noise
 D - a scroll of summoning {unknown}
 F - a scroll of poison {unknown}
Potions
 b - a potion of lignification
 i - a potion of attraction {unknown}
 j - a potion of heal wounds
 n - a potion of haste {unknown}
 p - 2 potions of mutation {unknown}
 q - 2 potions of berserk rage {unknown}
 x - a potion of resistance {unknown}
 A - a potion of curing {unknown}
 H - a potion of brilliance {unknown}


   Skills:
 - Level 2.6 Fighting
 - Level 0.1 Armour
 - Level 1.5 Dodging
 - Level 3.6 Unarmed Combat
 - Level 1.1 Spellcasting
 * Level 8.0 Shapeshifting


You had 7 spell levels left.
You knew the following spells:

 Your Spells              Type           Power      Damage    Failure   Level
a - Cigotuvi's Dreadful   Necr/Alch/Air  0%         N/A       36%         2

Your spell library contained the following spells:

 Spells                   Type           Power      Damage    Failure   Level
 Frozen Ramparts          Ice            0%         1d1       58%         3
 Ozocubu's Armour         Ice            0%         N/A       58%         3
 Ignite Poison            Fire/Alch      0%         N/A       94%         4
 Leda's Liquefaction      Alch/Erth      0%         N/A       94%         4
 Petrify                  Alch/Erth      0%         N/A       94%         4
 Freezing Cloud           Conj/Ice/Air   0%         6-21      100%        5
 Metabolic Englaciation   Hex/Ice        0%         N/A       100%        5
 Sculpt Simulacrum        Ice/Alch       0%         N/A       100%        6


Dungeon Overview and Level Annotations

Branches:
Dungeon (6/15)             Temple (0/1) D:6

Altars:
Gozag
Makhleb
Okawaru
Qazlal
Ru
Vehumet
Zin

Shops:
D:2 :(([


Innate Abilities, Weirdness & Mutations

You are a hulking beast.
Your limbs bulge with bestial killing power. (Slay +4)
You cannot be hasted, slowed, berserked, paralysed or teleported.
You can dig through walls and to a lower floor.
You have a pair of large antennae on your head. (SInv)
You are somewhat unskilled. (-1 Apt)
Your four strong arms can wield two-handed weapons with a shield.


Message History

The ufetubus is severely wounded.
The ufetubus barely misses you. x2
You hit the ufetubus.
You kill the ufetubus!
The adder completely misses you.
You punch the adder!
You kill the adder!
Your Shapeshifting skill increases to level 8!
You hit the sleepcap.
You punch the sleepcap, but do no damage.
The sleepcap is lightly damaged.
The sleepcap closely misses you.
You hit the sleepcap.
The sleepcap is moderately damaged.
The sleepcap releases spores at you!
You hit the sleepcap but do no damage.
The sleepcap is moderately damaged.
You redirect the sleepcap's attack!
The sleepcap releases spores at itself.
You catch the helpless sleepcap completely off-guard!
You hit the sleepcap.
The sleepcap is heavily damaged.
The sleepcap releases spores at you but does no damage.
You punch the sleepcap!
The sleepcap is severely damaged.
The sleepcap releases spores at you.
You hit the sleepcap but do no damage.
The sleepcap is severely damaged.
The sleepcap misses you.
You hit the sleepcap.
The sleepcap is almost destroyed.
The sleepcap releases spores at you but does no damage.
You hit the sleepcap.
The sleepcap is almost destroyed.
The sleepcap releases spores at you.
* * * LOW HITPOINT WARNING * * *
You are engulfed in a cloud of soporific spores!
You fall asleep.
The sleepcap releases spores at you!
You die...

.. { ... #### ##....
#..####..... #.......#
### #.....# ....
##.###.## $..#
#..##f..##....#
##..#h#........# #
#...####f#...##..
###.####.........#.#
..........(..........
##.......##.#.#.#.#.#.
#..####..##...........
#. #..##.#.......#.
.#####..##..........
#.......##.#...>...#


You could see a sleepcap.

Vanquished Creatures
  A water moccasin (D:5)
  2 ogres
  3 scorpions
  A bombardier beetle (D:5)
  A jelly (D:5)
  2 hounds (D:5)
  An orc priest (D:5)
  An iguana (D:5)
  Ijyb (D:4)
  2 orc wizards (D:5)
  A statue (D:4)
  Robin (D:4)
  4 gnolls
  4 adders
  2 ufetubi (D:6)
  2 dart slugs
  A ribbon worm (D:3)
  8 orcs
  6 bats
  8 endoplasms
  6 giant cockroaches
  10 hobgoblins
  5 kobolds
  5 quokkas
  5 ball pythons
  5 frilled lizards
  12 goblins
  6 rats
106 creatures vanquished.

Notes
Turn   | Place    | Note
-------+----------+-------------------------------------------
     0 | D:1      | browni3141 the Formicid Shapeshifter began the quest for
                  | the Orb.
     0 | D:1      | Reached XP level 1. HP: 15/15 MP: 1/1
   194 | D:1      | Reached XP level 2. HP: 18/21 MP: 2/2
   601 | D:1      | Reached XP level 3. HP: 27/27 MP: 3/3
  1257 | D:2      | Found a faded altar of an unknown god.
  1354 | D:2      | Found Oxenar's Antique Weapon Shoppe.
  1364 | D:2      | Reached skill level 1 in Spellcasting
  1367 | D:2      | Reached XP level 4. HP: 32/34 MP: 5/5
  1401 | D:2      | Found Abronlac's Armour Emporium.
  1740 | D:2      | Found Gonweit's Weapon Emporium.
  1832 | D:2      | Found Neoss's Book Shoppe.
  1839 | D:2      | Learned a level 2 spell: Cigotuvi's Dreadful Rot
  2209 | D:3      | Noticed an ogre
  3126 | D:4      | Found a sacrificial altar of Ru.
  3136 | D:4      | Became a worshipper of Ru the Awakened
  3244 | D:4      | Noticed a scorpion
  3248 | D:4      | Killed a scorpion
  3249 | D:4      | Reached skill level 4 in Shapeshifting
  3249 | D:4      | Reached XP level 5. HP: 37/41 MP: 6/6
  3298 | D:4      | Noticed Ijyb
  3322 | D:4      | Found a radiant altar of Vehumet.
  3324 | D:4      | Noticed a charred statue
  3351 | D:4      | Noticed an ogre
  3474 | D:4      | Noticed Robin
  3497 | D:4      | Killed Robin
  4010 | D:3      | Killed an ogre
  4011 | D:3      | Reached skill level 5 in Shapeshifting
  4011 | D:3      | Reached XP level 6. HP: 28/47 MP: 7/7
  4164 | D:4      | Killed Ijyb
  4386 | D:4      | Killed an ogre
  4387 | D:4      | Reached skill level 6 in Shapeshifting
  4387 | D:4      | Reached XP level 7. HP: 31/52 MP: 8/8
  4460 | D:5      | Entered Level 5 of the Dungeon
  4668 | D:5      | Reached skill level 7 in Shapeshifting
  4920 | D:5      | Noticed a water moccasin
  4932 | D:5      | Killed a water moccasin
  4933 | D:5      | Reached XP level 8. HP: 34/58 MP: 9/9
  4940 | D:5      | Reached skill level 8 in Shapeshifting
  5220 | D:5      | Found an iron altar of Okawaru.
  5221 | D:5      | Found a stormy altar of Qazlal.
  5222 | D:5      | Found a burning altar of Makhleb.
  5229 | D:5      | Found a glowing silver altar of Zin.
  5229 | D:5      | Found an opulent altar of Gozag.
  5260 | D:5      | Gained mutation: You are somewhat unskilled. (-1 Apt) [Ru
                  | sacrifice]
  5260 | D:5      | Reduced skill Shapeshifting to level 7
  5260 | D:5      | Reached * piety under Ru
  5601 | D:6      | Found a staircase to the Ecumenical Temple.
  5611 | D:6      | Reached skill level 8 in Shapeshifting
  5619 | D:6      | Slain by a sleepcap

Illustrated notes

Levels and vault maps discovered:
D:1:      minmay_arrival_four_houses, layout_basic, roderic_nine_men_s_morris,
          minmay_box_of_dots
D:2:      layout_loops_corners, shapermc_ecumenical_altar_notcrosses,
          serial_shops, nicolae_shop_behind_doors, nicolae_lakefront_shop, shop,
          shop, serial_bayou_pond_a
D:3:      layout_loops_corners, corexii_item_surrounded_by_moat
D:4:      layout_basic, vehumet_statue, nicolae_ru_sacrificial_ziggurat,
          minmay_ruptured, uniq_robin, uniq_ijyb
D:5:      layout_rooms, grunt_temple_overflow_gold_and_silver,
          chequers_temple_overflow_statue_of_worship
D:6:      layout_rooms, lemuel_zombie_altar_yredelemnul,
          nicolae_hepliaklqana_ecumenical_no_more, minmay_temple_entry_glass,
          serial_shops, nicolae_shop_temple_entry_statues_fountains

Skill      XL: |  1  2  3  4  5  6  7  8 |
---------------+-------------------------+-----
Fighting       | 2 3 2 |  2.6
Spellcasting   | 1 |  1.1
Unarmed Combat | 4 3 |  3.6
Shapeshifting  | 4 5 6 7 8 |  8.0
Armour         | |  0.1
Dodging        | |  1.5

Action                     |  1- 3 |  4- 6 |  7- 9 || total
---------------------------+-------+-------+-------++-------
  Melee: Unarmed           |    80 |   107 |    97 ||   284
         Punch             |     3 |     1 |     3 ||     7
   Fire: Orcbow            |       |    29 |    46 ||    75
 Invoke: Sacrifice Skill   |       |       |     1 ||     1
Ability: Dig               |       |     2 |     3 ||     5
  Evoke: Wand              |       |       |     1 ||     1
    Use: Potion            |     1 |       |     3 ||     4
         Scroll            |       |     1 |    10 ||    11
   Stab: Distracted        |       |       |     1 ||     1
 Armour: Leather armour    |    19 |    35 |    89 ||   143
         Chain mail        |     7 |    10 |       ||    17
         Skin              |     6 |       |    17 ||    23
  Dodge: Dodged            |    31 |    59 |    74 ||   164

Table legend: (Time is in decaauts)
 A = Elapsed time spent in this place.
 B = Non-inter-level travel time spent in this place.
 C = Inter-level travel time spent in this place.
 D = Time resting spent in this place.
 E = Time spent auto-exploring this place.
 F = Levels seen in this place.
 G = Mean time per level.
                   A        B        C        D        E       F      G
               +--------+--------+--------+--------+--------+-----+--------+
         Total |   5628 |   5136 |    492 |    436 |   3554 |   6 |  938.0 |
       Dungeon |   5628 |   5136 |    492 |    436 |   3554 |   6 |  938.0 |
               +--------+--------+--------+--------+--------+-----+--------+

Top non-repeatable levels by time:
     D:4: 1248 daAuts
     D:3: 1161 daAuts
     D:1: 1101 daAuts
     D:2: 1046 daAuts
     D:5: 995 daAuts
     D:6: 74 daAuts
